 Dungeon Crawl Stone Soup version 0.31-a0-325-g067879e3d3 (console) character file.

Game seed: 1648763442259862348

63178 jejorda2 the Protected (level 15, -18/120 HPs)
             Began as a Gnoll Berserker on July 18, 2023.
             Was a High Priest of Trog.
             Demolished by a hell knight
             ... wielding a +5 great sword of flaming
              (30 damage)
             ... on level 14 of the Dungeon.
             The game lasted 01:15:45 (26165 turns).

jejorda2 the Protected (Gnoll Berserker)           Turns: 26165, Time: 01:15:46

Health: -18/120    AC: 17    Str: 23    XL:     15   Next: 8%
Magic:  29/29      EV:  8    Int:  8    God:    Trog [*****.]
Gold:   403        SH:  0    Dex: 11    Spells: 34/34 levels left

rFire   + .          .
                       - Unarmed
rCold   + . .        (no shield)
rNeg    . . .        C - +3 gold dragon scales
rPois   +            l - +0 helmet
rElec   .            (no cloak)
rCorr   .            n - +2 pair of gloves
SInv    .            D - +0 pair of boots {rampage}
Will    +++..        s - amulet of faith Stlth
                     J - +4 ring of protection
HPRegen 1.40/turn    V - +4 ring of protection
MPRegen 0.21/turn

%: rampage, faith
@: strong-willed, corroded, on berserk cooldown, regenerating, slowed, studying
2 skills, very slow
A: fangs 1, strong nose, distributed training
a: Renounce Religion, Berserk, Trog's Hand, Brothers in Arms


You were on level 14 of the Dungeon.
You worshipped Trog.
Trog was extremely pleased with you.
You visited 2 branches of the dungeon, and saw 19 of its levels.
You also visited: Ossuary and Bailey.

You collected 1711 gold pieces.
You spent 1308 gold pieces at shops.

Inventory:

Hand Weapons
 a - a +2 rapier of speed
 p - a +0 scythe
Missiles
 b - 156 stones
 d - 3 throwing nets
 h - 13 poisoned darts (quivered)
 j - 15 boomerangs
 F - 2 silver javelins
 L - 4 curare-tipped darts
 S - 6 atropa-tipped darts
Armour
 l - a +0 helmet (worn)
 n - a +2 pair of gloves (worn)
 C - +3 gold dragon scales (worn)
 D - a +0 pair of boots of rampaging (worn)
Jewellery
 g - a ring of willpower
 s - an amulet of faith (around neck)
 H - a ring of protection from fire
 J - a +4 ring of protection (left hand)
 M - a ring of see invisible
 U - a ring of resist corrosion
 V - a +4 ring of protection (right hand)
Wands
 f - a wand of mindburst (20)
 i - a wand of digging (4)
 G - a wand of paralysis (3)
 K - a wand of iceblast (6)
 P - a wand of flame (9)
 R - a wand of polymorph (6)
 T - a wand of acid (10)
Scrolls
 e - 3 scrolls of revelation
 v - 12 scrolls of teleportation
 x - a scroll of immolation
 y - 2 scrolls of fear
 B - 4 scrolls of fog
 E - 3 scrolls of blinking
Potions
 k - 2 potions of might
 m - 2 potions of attraction
 o - 4 potions of haste
 q - 2 potions of resistance
 r - 4 potions of cancellation
 t - a potion of brilliance
 u - 3 potions of enlightenment
 w - 5 potions of curing
 z - 4 potions of lignification
 A - 2 potions of mutation
 I - a potion of invisibility
 N - 4 potions of berserk rage
 Q - a potion of heal wounds
Miscellaneous
 O - a condenser vane


   Skills:
 + Level 11.8 Fighting
 + Level 12.7 Short Blades
 + Level 10.0 Long Blades
 + Level 10.0 Axes
 + Level 10.0 Maces & Flails
 + Level 10.0 Polearms
 + Level 10.0 Staves
 + Level 10.0 Ranged Weapons
 + Level 10.0 Throwing
 + Level 13.3 Armour
 + Level 11.0 Dodging
 + Level 10.0 Stealth
 + Level 10.0 Shields
 + Level 11.8 Unarmed Combat
 + Level 10.0 Spellcasting
 + Level 8.3 Conjurations
 + Level 8.3 Hexes
 + Level 8.3 Summonings
 + Level 8.3 Necromancy
 + Level 8.3 Translocations
 + Level 8.3 Transmutations
 + Level 8.3 Fire Magic
 + Level 8.3 Ice Magic
 + Level 8.3 Air Magic
 + Level 8.3 Earth Magic
 + Level 8.3 Poison Magic
 + Level 10.8 Invocations
 + Level 10.0 Evocations
 + Level 8.3 Shapeshifting


You had 34 spell levels left.
You didn't know any spells.
Your spell library was empty.

Dungeon Overview and Level Annotations

Branches:
Dungeon (14/15)            Temple (0/1) D:5            Lair (5/5) D:9
 Shoals (0/4) Lair:2       Spider (0/4) Lair:2        Slime (0/5) Lair:4
    Orc (0/2) D:10        Ossuary (visited)          Bailey (visited)
 Vaults: D:13-14

Altars:
Ashenzari
Cheibriados
Dithmenos
Elyvilon
Kikubaaqudgha
Nemelex Xobeh
Okawaru
Xom
The Shining One
Jiyva

Shops:
D:1 =   D:9 *   D:14 *

Annotations:
D:8 3 runed translucent doors, Monkooky's ghost, novice FeSh


Innate Abilities, Weirdness & Mutations

You have very sharp teeth.
Your uncanny sense of smell can sniff out nearby items.
Your experience applies equally to all skills.


Message History

The hell hound is severely wounded.
You hit the hell hound.
The hell hound is severely wounded.
The hell hound closely misses you.
You hit the hell hound but do no damage.
The hell hound is severely wounded.
You are no longer berserk.
You are exhausted.
You feel yourself slow down. The hell hound bites you.
The hell knight calls down the wrath of its god upon you.
The bolt of fire hits the hell hound.
The hell hound completely resists.
The bolt of fire misses you.
Your two-headed ogre goes berserk!
The hell hound bites you but does no damage.
The hell hound breathes flames at you. The blast of flame hits you! You resist.
Unknown command.
You hit the hell hound but do no damage.
Your punch misses the hell hound.
The hell hound is severely wounded.
The hell hound bites you. x2
Your skin crawls.
You feel strong-willed.
Your two-headed ogre hits the hell hound with a +0 giant club!
The hell hound dies!
Trog accepts your kill.
The hell knight hits you with a +1 great sword!
Your two-headed ogre hits the hell knight with a +0 giant club.
Your two-headed ogre hits the hell knight with a +0 giant club!
Your two-headed ogre hits the hell knight with a +0 giant club!!
Your two-headed ogre hits the hell knight with a +0 giant club.
The hell knight hits you with a +1 great sword!
* * * LOW HITPOINT WARNING * * *
The hell knight hits you with a +5 great sword of flaming!!
* * * LOW HITPOINT WARNING * * *
Your two-headed ogre hits the hell knight with a +0 giant club!!!
The hell knight dies!
Trog accepts your kill.
The hell knight hits you with a +5 great sword of flaming!!
You die...

.# #.........# .#
#.........####
.######............#
................##.##
#################...#
################...##
..................##
######################
.............O)p@....#
##############†##...##
..h? ..## .....#..##
#######.## . .. ..


You could see a hell knight (fast) and a friendly two-headed ogre (summoned,
berserk).

Vanquished Creatures
  A fire dragon (Lair:5)
  A hydra (Lair:5)
  A boulder beetle (D:13)
  A catoblepas (Lair:2)
  2 centaur warriors
  2 two-headed ogres
  2 death yaks
  2 skysharks
  Sonja (Lair:4)
  A swamp dragon (Lair:5)
  2 deep elf pyromancers
  An orc knight (Bailey)
  A wizard (D:14)
  A wolf spider (Lair:5)
  3 cyclopes
  3 manticores
  A guardian serpent (Lair:5)
  A rust devil (D:14)
  4 slime creatures (D:13)
  10 black mambas
  17 elephants
  13 cane toads
  4 molten gargoyles (D:10)
  3 gargoyles
  3 unseen horrors
  4 rime drakes
  8 komodo dragons
  4 trolls
  A merfolk (Lair:2)
  A polar bear (Lair:3)
  Prince Ribbit (D:5)
  9 blink frogs
  4 hornets
  A jumping spider (Lair:2)
  Sigmund (D:2)
  A vampire (D:11)
  A spriggan (Lair:3)
  4 wraiths
  Eustachio (D:5)
  16 wyverns
  12 basilisks
  42 yaks
  3 redbacks (Lair:5)
  A steam dragon (Lair:5)
  8 vampire mosquitoes (D:12)
  Menkaure (D:5)
  A warg (D:10)
  4 acid dragons
  30 water moccasins
  3 hell hounds (D:14)
  4 swamp drakes (Lair:5)
  12 orc warriors
  A sky beast (D:6)
  5 black bears
  3 ice beasts
  9 centaurs
  2 ogres
  19 wolves
  A kobold brigand (D:7)
  10 bullfrogs
  Blork the orc (D:4)
  4 scorpions
  2 gnoll sergeants
  11 wights (D:9)
  A killer bee (D:9)
  4 electric eels
  5 howler monkeys
  A centaur zombie (Ossuary)
  4 hounds
  8 orc priests
  3 jellies
  A gnoll bouda (D:5)
  2 sleepcaps (D:5)
  8 iguanas
  18 orc wizards
  Ijyb (D:4)
  2 mummies (Ossuary)
  Robin (D:4)
  18 gnolls
  6 adders
  A white imp (D:6)
  An ufetubus (D:7)
  4 worms
  2 dart slugs
  52 orcs
  4 bats
  8 endoplasms
  3 giant cockroaches
  A gnoll zombie (Ossuary)
  6 goblins (D:4)
  13 hobgoblins
  8 jackals (D:4)
  2 quokkas (D:1)
  4 ball pythons
  5 frilled lizards
  4 goblin zombies (Ossuary)
  4 hobgoblin zombies (Ossuary)
  4 kobolds
  4 orc zombies (Ossuary)
  4 rats
544 creatures vanquished.

Vanquished Creatures (collateral kills)
  A death yak (Lair:3)
  A hell knight (D:14)
  3 blink frogs (Lair:5)
  2 yaks
  A water moccasin (Lair:5)
  A hell hound (D:14)
9 creatures vanquished.

Vanquished Creatures (others)
  A komodo dragon (Lair:5)
1 creature vanquished.

Grand Total: 554 creatures vanquished

Notes
Turn   | Place    | Note
-------+----------+-------------------------------------------
     0 | D:1      | jejorda2 the Gnoll Berserker began the quest for the Orb.
     0 | D:1      | Reached XP level 1. HP: 23/23 MP: 1/1
   215 | D:1      | Reached XP level 2. HP: 15/29 MP: 2/2
   400 | D:1      | Reached XP level 3. HP: 35/35 MP: 3/3
   597 | D:1      | Found Reehatun's Jewellery Shoppe.
  1011 | D:2      | Reached skill level 1 in Invocations
  1123 | D:2      | Reached skill level 1 in Short Blades
  1123 | D:2      | Reached skill level 1 in Long Blades
  1123 | D:2      | Reached skill level 1 in Axes
  1123 | D:2      | Reached skill level 1 in Maces & Flails
  1123 | D:2      | Reached skill level 1 in Polearms
  1123 | D:2      | Reached skill level 1 in Staves
  1123 | D:2      | Reached skill level 1 in Ranged Weapons
  1123 | D:2      | Reached skill level 1 in Throwing
  1123 | D:2      | Reached skill level 1 in Stealth
  1123 | D:2      | Reached skill level 1 in Shields
  1123 | D:2      | Reached skill level 1 in Spellcasting
  1123 | D:2      | Reached skill level 1 in Evocations
  1256 | D:2      | Noticed Sigmund
  1271 | D:2      | Killed Sigmund
  1272 | D:2      | Reached skill level 1 in Conjurations
  1272 | D:2      | Reached skill level 1 in Hexes
  1272 | D:2      | Reached skill level 1 in Summonings
  1272 | D:2      | Reached skill level 1 in Necromancy
  1272 | D:2      | Reached skill level 1 in Translocations
  1272 | D:2      | Reached skill level 1 in Transmutations
  1272 | D:2      | Reached skill level 1 in Fire Magic
  1272 | D:2      | Reached skill level 1 in Ice Magic
  1272 | D:2      | Reached skill level 1 in Air Magic
  1272 | D:2      | Reached skill level 1 in Earth Magic
  1272 | D:2      | Reached skill level 1 in Poison Magic
  1272 | D:2      | Reached skill level 1 in Shapeshifting
  1272 | D:2      | Reached XP level 4. HP: 41/41 MP: 4/6
  1272 | D:2      | Reached XP level 5. HP: 47/47 MP: 4/7
  1465 | D:2      | Reached ** piety under Trog
  1751 | D:3      | Reached XP level 6. HP: 52/53 MP: 8/8
  2031 | D:3      | Reached skill level 5 in Armour
  2031 | D:3      | Reached skill level 5 in Dodging
  2063 | D:3      | Found an ancient bone altar of Kikubaaqudgha.
  2493 | D:3      | Found a shadowy altar of Dithmenos.
  2494 | D:3      | Found a white marble altar of Elyvilon.
  2618 | D:4      | Noticed Robin
  2622 | D:4      | Noticed Ijyb
  2639 | D:4      | Killed Ijyb
  2675 | D:4      | Killed Robin
  2805 | D:4      | Reached XP level 7. HP: 60/60 MP: 8/10
  2986 | D:4      | Noticed Blork the orc
  3037 | D:4      | Killed Blork the orc
  3165 | D:4      | Reached *** piety under Trog
  3610 | D:5      | Entered Level 5 of the Dungeon
  3646 | D:5      | Found a sand-covered staircase.
  3653 | Ossuary  | Entered an ossuary
  3701 | Ossuary  | Reached XP level 8. HP: 67/67 MP: 12/12
  4214 | D:5      | Found a staircase to the Ecumenical Temple.
  4542 | D:5      | Noticed Menkaure
  4557 | D:5      | Killed Menkaure
  4558 | D:5      | Noticed Prince Ribbit
  4620 | D:5      | Killed Prince Ribbit
  4621 | D:5      | Reached skill level 6 in Armour
  4846 | D:5      | Reached XP level 9. HP: 58/73 MP: 10/14
  5061 | D:5      | Noticed Eustachio
  5070 | D:5      | Killed Eustachio
  5351 | D:1      | Bought a ring of poison resistance for 240 gold pieces
  6198 | D:6      | Found a shimmering altar of Xom.
  6308 | D:7      | Found a flagged portal.
  6312 | Bailey   | Entered a bailey
  6432 | Bailey   | Noticed an orc knight
  6442 | Bailey   | Killed an orc knight
  6443 | Bailey   | Reached skill level 5 in Invocations
  6469 | Bailey   | Reached XP level 10. HP: 48/80 MP: 6/17
  6651 | Bailey   | Found a large runed translucent door.
  6651 | Bailey   | Found a large runed translucent door.
  6652 | Bailey   | Noticed a deep elf pyromancer
  6746 | Bailey   | Killed a deep elf pyromancer
  6747 | Bailey   | Reached skill level 5 in Short Blades
  6747 | Bailey   | Reached skill level 5 in Long Blades
  6747 | Bailey   | Reached skill level 5 in Axes
  6747 | Bailey   | Reached skill level 5 in Maces & Flails
  6747 | Bailey   | Reached skill level 5 in Polearms
  6747 | Bailey   | Reached skill level 5 in Staves
  6747 | Bailey   | Reached skill level 5 in Ranged Weapons
  6747 | Bailey   | Reached skill level 5 in Throwing
  6747 | Bailey   | Reached skill level 5 in Stealth
  6747 | Bailey   | Reached skill level 5 in Shields
  6747 | Bailey   | Reached skill level 5 in Spellcasting
  6747 | Bailey   | Reached skill level 5 in Evocations
  6892 | D:7      | Reached skill level 7 in Armour
  7110 | D:7      | Reached **** piety under Trog
  7497 | D:7      | Found a sparkling altar of Nemelex Xobeh.
  7552 | D:7      | Found a glowing golden altar of the Shining One.
  7817 | D:8      | Noticed a two-headed ogre
  7823 | D:8      | Killed a two-headed ogre
  8121 | D:8      | Reached XP level 11. HP: 87/87 MP: 17/19
  8508 | D:3      | Identified a scroll of acquirement
  8508 | D:3      | Acquired a manual of Armour
  8696 | D:8      | Reached skill level 5 in Conjurations
  8696 | D:8      | Reached skill level 5 in Hexes
  8696 | D:8      | Reached skill level 5 in Summonings
  8696 | D:8      | Reached skill level 5 in Necromancy
  8696 | D:8      | Reached skill level 5 in Translocations
  8696 | D:8      | Reached skill level 5 in Transmutations
  8696 | D:8      | Reached skill level 5 in Fire Magic
  8696 | D:8      | Reached skill level 5 in Ice Magic
  8696 | D:8      | Reached skill level 5 in Air Magic
  8696 | D:8      | Reached skill level 5 in Earth Magic
  8696 | D:8      | Reached skill level 5 in Poison Magic
  8696 | D:8      | Reached skill level 5 in Shapeshifting
  8757 | D:8      | Found a broken altar of Ashenzari.
  9057 | D:8      | Found a runed translucent gate.
  9058 | D:8      | Found a runed translucent gate.
  9059 | D:8      | Found a runed translucent gate.
  9060 | D:8      | Noticed Monkooky's ghost (novice FeSh)
  9607 | D:9      | Reached skill level 8 in Armour
  9986 | D:9      | Found a staircase to the Lair.
 10762 | D:9      | Found an iron altar of Okawaru.
 10980 | D:9      | Found Erederix's General Store.
 10988 | D:9      | Bought a +5 ring of evasion for 432 gold pieces
 10988 | D:9      | Bought a potion of curing for 36 gold pieces
 11261 | D:10     | Entered Level 10 of the Dungeon
 11379 | D:10     | Found a staircase to the Orcish Mines.
 11637 | D:10     | Identified the +0 ring mail of Inta {rN+}
 12055 | D:10     | Reached skill level 9 in Armour
 12224 | D:10     | Found a snail-covered altar of Cheibriados.
 12608 | Lair:1   | Entered Level 1 of the Lair of Beasts
 12647 | Lair:1   | Reached XP level 12. HP: 87/96 MP: 19/22
 14048 | Lair:2   | Reached skill level 10 in Fighting
 14048 | Lair:2   | Reached skill level 10 in Unarmed Combat
 14177 | Lair:2   | Reached skill level 10 in Armour
 14685 | Lair:2   | Noticed a catoblepas
 14727 | Lair:2   | Killed a catoblepas
 14936 | Lair:2   | Found a hole to the Spider Nest.
 15119 | Lair:2   | Found a staircase to the Shoals.
 15629 | Lair:3   | Noticed a skyshark
 15661 | Lair:3   | Killed a skyshark
 15664 | Lair:3   | Reached XP level 13. HP: 104/104 MP: 17/25
 15810 | Lair:3   | Reached skill level 10 in Short Blades
 16327 | Lair:3   | Reached skill level 11 in Armour
 17662 | Lair:4   | Found a staircase to the Slime Pits.
 17663 | Lair:4   | Found a viscous altar of Jiyva.
 17978 | Lair:4   | Noticed Sonja
 17981 | Lair:4   | Killed Sonja
 18415 | Lair:5   | Entered Level 5 of the Lair of Beasts
 18840 | Lair:5   | Reached skill level 10 in Dodging
 18905 | Lair:5   | Identified the +0 plate armour of Going Fast {Fly rPois
                  | rF++ Dex-2}
 19088 | Lair:5   | Reached XP level 14. HP: 102/113 MP: 22/26
 19145 | Lair:5   | Reached skill level 12 in Armour
 19442 | Lair:5   | Reached skill level 10 in Invocations
 19851 | Lair:5   | Reached ***** piety under Trog
 21345 | D:1      | Bought an amulet of faith for 480 gold pieces
 21564 | D:9      | Bought a potion of resistance for 120 gold pieces
 23704 | D:12     | Found a transporter.
 23893 | D:12     | Found a transporter.
 23896 | D:12     | Found a transporter.
 23978 | D:12     | Reached skill level 13 in Armour
 24199 | D:12     | Found a transporter.
 24211 | D:12     | Found a transporter.
 24398 | D:12     | Found a transporter.
 24893 | D:13     | Paralysed by a centaur for 2 turns
 25097 | D:13     | Paralysed by a centaur for 5 turns
 25341 | D:13     | Reached XP level 15. HP: 100/120 MP: 28/28
 25918 | D:14     | Found a snail-covered altar of Cheibriados.
 26061 | D:14     | Found Lox Oss's General Store.
 26153 | D:14     | Reached skill level 10 in Long Blades
 26153 | D:14     | Reached skill level 10 in Axes
 26153 | D:14     | Reached skill level 10 in Maces & Flails
 26153 | D:14     | Reached skill level 10 in Polearms
 26153 | D:14     | Reached skill level 10 in Staves
 26153 | D:14     | Reached skill level 10 in Ranged Weapons
 26153 | D:14     | Reached skill level 10 in Throwing
 26153 | D:14     | Reached skill level 10 in Stealth
 26153 | D:14     | Reached skill level 10 in Shields
 26153 | D:14     | Reached skill level 10 in Spellcasting
 26153 | D:14     | Reached skill level 10 in Evocations
 26165 | D:14     | Demolished by a hell knight

Illustrated notes

Levels and vault maps discovered:
D:1:      dpeg_arrival_long_road, layout_loops_ring, serial_shops,
          nicolae_shop_pleasant_corner_grove, kennysheep_boxes
D:2:      layout_basic, hex_large, uniq_sigmund
D:3:      layout_basic, kiku_gazebo_garden_becter,
          gammafunk_temple_overflow_statue
D:4:      layout_basic, nicolae_goblin_pals, uniq_blork_the_orc
D:5:      layout_basic, temple_green, chequers_ossuary_entry_cave,
          uniq_eustachio, uniq_prince_ribbit1, uniq_menkaure
D:6:      layout_loops_corners, mainiacjoe_overflow_chevrons
D:7:      minmay_clustersquares, layout_rooms,
          mainiacjoe_overflow_cross_hatched, tso_oasis_becter, enter_bailey_1,
          minmay_manual_mares
D:8:      layout_loops_cross, mainiacjoe_overflow_catwalk,
          gammafunk_ghost_necromancy, grunt_ogre_cave, nicolae_water_bricks,
          ebering_dispersal_statue_hall
D:9:      layout_basic, amcnicky_altar_gilded, minmay_lair_entry_grove,
          serial_shops, nicolae_shop_peninsula
D:10:     layout_stronghold, kennysheep_mini_moat, david_orc_3, minivault_8
D:11:     layout_basic
D:12:     layout_irregular_city, serial_nicolae_subway,
          nicolae_sub_station_stone, nicolae_sub_station_crystal,
          nicolae_sub_station_metal
D:13:     layout_loops_cross
D:14:     mludivico_vault, layout_irregular_city, erik_vaults_2,
          solitary_fountain, serial_shops, shop, cheibrodos_worm_habitat,
          uniq_azrael, uniq_frances, uniq_kirke
Lair:1:   layout_regular_city
Lair:2:   layout_cave_pods, elwin_shoals_entry_rooms, spider_nest_entry_rubble
Lair:3:   layout_gridlike, minmay_holes, grunt_forest_stairs_clearing,
          lemuel_fruit_tree, grunt_megastairs_5, infiniplex_staircase_pool,
          serial_bayou_shore_b
Lair:4:   layout_regular_city, slime_entry_1, uniq_sonja
Lair:5:   guppyfry_lair_end_dragon, layout_cave_pods,
          hangedman_lair_tendril_chambers, serial_bayou_lagoon_b

Skill      XL: |  1  2  3  4  5  6  7  8  9 10 11 12 13 14 15 |
---------------+----------------------------------------------+-----
Invocations    | 1 2 3 4 5 6 7 8 9 10 | 10.8
Short Blades   | 1 2 3 4 6 8 9 11 12 | 12.7
Long Blades    | 1 2 3 4 5 6 8 9 10 | 10.0
Axes           | 1 2 3 4 5 6 8 9 10 | 10.0
Maces & Flails | 1 2 3 4 5 6 8 9 10 | 10.0
Polearms       | 1 2 3 4 5 6 8 9 10 | 10.0
Staves         | 1 2 3 4 5 6 8 9 10 | 10.0
Ranged Weapons | 1 2 3 4 5 6 8 9 10 | 10.0
Throwing       | 1 2 3 4 5 6 8 9 10 | 10.0
Stealth        | 1 2 3 4 5 6 8 9 10 | 10.0
Shields        | 1 2 3 4 5 6 8 9 10 | 10.0
Spellcasting   | 1 2 3 4 5 6 8 9 10 | 10.0
Evocations     | 1 2 3 4 5 6 8 9 10 | 10.0
Conjurations   | 1 2 3 4 5 6 7 8 |  8.3
Hexes          | 1 2 3 4 5 6 7 8 |  8.3
Summonings     | 1 2 3 4 5 6 7 8 |  8.3
Necromancy     | 1 2 3 4 5 6 7 8 |  8.3
Translocations | 1 2 3 4 5 6 7 8 |  8.3
Transmutations | 1 2 3 4 5 6 7 8 |  8.3
Fire Magic     | 1 2 3 4 5 6 7 8 |  8.3
Ice Magic      | 1 2 3 4 5 6 7 8 |  8.3
Air Magic      | 1 2 3 4 5 6 7 8 |  8.3
Earth Magic    | 1 2 3 4 5 6 7 8 |  8.3
Poison Magic   | 1 2 3 4 5 6 7 8 |  8.3
Shapeshifting  | 1 2 3 4 5 6 7 8 |  8.3
Armour         | 5 6 7 9 10 11 13 | 13.3
Dodging        | 5 6 7 8 9 10 11 | 11.0
Fighting       | 7 8 9 10 11 | 11.8
Unarmed Combat | 7 8 9 10 11 | 11.8

Action                     |  1- 3 |  4- 6 |  7- 9 | 10-12 | 13-15 || total
---------------------------+-------+-------+-------+-------+-------++-------
  Melee: Unarmed           |    87 |   118 |   292 |   960 |   957 ||  2414
         Bite              |     6 |     7 |    30 |   149 |   235 ||   427
         Punch             |     1 |     3 |    14 |    51 |    83 ||   152
         Halberd           |       |     4 |       |       |       ||     4
         Rapier            |       |       |       |       |   623 ||   623
  Throw: Boomerang         |       |    20 |     1 |       |       ||    21
         Javelin           |       |     2 |       |       |       ||     2
         Stone             |       |       |       |     6 |       ||     6
         Dart              |       |       |       |    25 |    15 ||    40
 Invoke: Berserk           |     2 |     3 |     8 |    10 |    16 ||    39
         Trog's Hand       |       |     3 |     4 |     7 |    11 ||    25
         Brothers in Arms  |       |       |       |       |     4 ||     4
Ability: Begin Untransform |       |       |       |     2 |       ||     2
  Evoke: Wand              |       |       |    17 |       |    11 ||    28
         Condenser vane    |       |       |       |       |     1 ||     1
    Use: Potion            |     2 |     2 |     2 |     2 |     1 ||     9
         Scroll            |       |       |    13 |    10 |     5 ||    28
   Stab: Sleeping          |     1 |     2 |     2 |       |       ||     5
         Petrified         |       |       |       |     6 |       ||     6
         Distracted        |       |       |       |       |     1 ||     1
         Paralysed         |       |       |       |       |     5 ||     5
 Armour: Animal skin       |     8 |    10 |       |       |       ||    18
         Skin              |       |    33 |       |       |       ||    33
         Ring mail         |       |    11 |    83 |       |       ||    94
         Chain mail        |       |     2 |       |       |       ||     2
         Gold dragon scale |       |       |       |   623 |   895 ||  1518
         Plate armour      |       |       |       |     2 |       ||     2
  Dodge: Dodged            |    40 |    47 |   144 |   390 |   693 ||  1314
  Block: Buckler           |       |       |       |       |    81 ||    81
   Form: Beast             |       |     1 |     1 |     1 |       ||     3
         Statue            |       |       |     1 |       |       ||     1

Table legend: (Time is in decaauts)
 A = Elapsed time spent in this place.
 B = Non-inter-level travel time spent in this place.
 C = Inter-level travel time spent in this place.
 D = Time resting spent in this place.
 E = Time spent auto-exploring this place.
 F = Levels seen in this place.
 G = Mean time per level.
                   A        B        C        D        E       F      G
               +--------+--------+--------+--------+--------+-----+--------+
         Total |  25802 |  23194 |   2608 |   1926 |  16485 |  21 | 1228.7 |
       Dungeon |  16604 |  14552 |   2052 |   1309 |  10620 |  14 | 1186.0 |
          Lair |   8465 |   7909 |    556 |    610 |   5522 |   5 | 1693.0 |
       Ossuary |    159 |    159 |      0 |      0 |     87 |   1 |  159.0 |
        Bailey |    572 |    572 |      0 |      7 |    255 |   1 |  572.0 |
               +--------+--------+--------+--------+--------+-----+--------+

Top non-repeatable levels by time:
  Lair:5: 2295 daAuts
     D:8: 1930 daAuts
  Lair:2: 1835 daAuts
     D:5: 1652 daAuts
     D:9: 1567 daAuts
  Lair:3: 1542 daAuts
  Lair:4: 1459 daAuts
    D:10: 1439 daAuts
  Lair:1: 1332 daAuts
    D:12: 1322 daAuts
    D:11: 1287 daAuts
     D:1: 1117 daAuts
     D:4: 1066 daAuts
     D:6: 1027 daAuts
     D:3: 981 daAuts
